Unix NetHack Version 5.0.0-0 post-release - last build Jun 10 2026 00:39:30 (3ee93aec679c4c4259841fe613dc97188e26a321,branch:main).

Game began 2026-06-11 23:41:36, ended 2026-06-11 23:43:48.

IanCurtis, chaotic male elven Wizard

                                                ----------------
                                                |..............|
                                      ------    |...{..........-#     -------
                                      |.@...####|..............|######-<....|
                                      |....|####...............|# #   |.....|
                                      +.....##  ----------------      ......|
                                      ------                          -------

IanCurtis the Conjurer    St:12 Dx:15 Co:11 In:18 Wi:10 Ch:9  Chaotic
Dlvl:2  $:16 HP:0(18) Pw:24(33) AC:8  Xp:3 T:317  Blind Deaf

Latest messages:
 The kitten picks up an iron skull cap.
 You succeed in forcing the lock.
 s - a dark green potion.
 The kitten drops an iron skull cap.
 What do you want to wield? [- ar or ?*] a
 a - a blessed +1 quarterstaff (weapon in hands).
 You descend the stairs.
 You climb up the stairs.
 You descend the stairs.
 The coyote bites!
 The kitten misses the coyote.
 You hit the coyote.
 The kitten bites the coyote.
 The coyote is killed!
 Your kitten eats a coyote corpse.
 The door opens.
 The grid bug bites!
 You get zapped!
 You kill the grid bug!
 That door is closed.
 That door is closed.
 This door is locked.
 This door is locked.
 This door is locked.
 In what direction? h
 The door crashes open!
 You find a magic trap.
 There is a magic trap here.
 You are momentarily blinded by a flash of light!
 You hear a deafening roar!
 Wait!  There's something there you can't see!
 It bites!
 It bites!
 It bites!
 In what direction? b
 The spell hits it!
 You kill it!
 Welcome to experience level 3.
 It misses!
 It bites!
 You hit it.
 It bites!
 It bites!
 It bites!
 Wait!  There's something there you can't see!
 It bites!
 It bites!
 You die...
 Do you want your possessions identified? [ynq] (y) y
 Do you want to see your attributes? [ynq] (y) q

Inventory:
 Coins    ('$')
  $ - 16 gold pieces
 Weapons  (')')
  r - a +0 orcish dagger
  a - a blessed +1 quarterstaff (weapon in hands)
 Armor    ('[')
  p - an uncursed +0 orcish helm (being worn)
  b - an uncursed +0 cloak of magic resistance (being worn)
 Comestibles  ('%')
  o - an uncursed lichen corpse
 Scrolls  ('?')
  j - an uncursed scroll of destroy armor
  i - an uncursed scroll of identify
  h - an uncursed scroll of magic mapping
 Spellbooks  ('+')
  l - an uncursed spellbook of detect unseen
  k - a blessed spellbook of force bolt
 Potions  ('!')
  s - an uncursed potion of healing
  f - an uncursed potion of restore ability
  g - 2 uncursed potions of water
 Rings    ('=')
  e - an uncursed ring of protection from shape changers
  d - an uncursed ring of searching
 Wands    ('/')
  c - a wand of make invisible (0:6)
 Tools    ('(')
  n - an uncursed wooden flute
  m - a magic marker (0:22)

IanCurtis the Wizard's attributes:

Background:
 You were a Conjurer, a level 3 male elven Wizard.
 You were chaotic, on a mission for Anhur
 who was opposed by Ptah (lawful) and Thoth (neutral).
 You were right-handed.
 You were in the Dungeons of Doom, on level 2.
 You entered the dungeon 317 turns ago.
 It was nighttime.
 You had 45 experience points, 35 more were needed to attain level 4.

Basics:
 You had 0 out of 18 hit points.
 You had 24 out of 33 energy points (spell power).
 Your armor class was 8.
 Your wallet contained 16 zorkmids.
 Autopickup was off.

Final Characteristics:
 Your strength was 12 (limit:18).
 Your dexterity was 15 (limit:18).
 Your constitution was 11 (limit:16).
 Your intelligence was 18 (limit:20).
 Your wisdom was 10 (limit:20).
 Your charisma was 9 (limit:18).

Final Status:
 You were temporarily blind.
 You were deaf.
 You weren't hungry.
 You were unencumbered.
 You were wielding a quarterstaff.
 You had basic skill with quarterstaff.

Final Attributes:
 You were fervently aligned.
 You were magic-protected.
 You had infravision.
 You were warded.
 You are dead.

Miscellaneous:
 You didn't encounter any bones levels.
 Total elapsed playing time was 2 minutes and 12 seconds.

Major events:
 Turn
    1: IanCurtis the chaotic male elven Wizard entered the dungeon
  315: attained the rank of Conjurer (level 3)
  317: killed by a bat

Spells:
 Name                 Level Category     Fail Retention
 force bolt             1   attack         0%  91%-100%
 detect unseen          3   divination    87%  76%-100%

Skills:
 Fighting Skills
   bare handed combat [Unskilled]
   riding             [Unskilled]
 Weapon Skills
   dagger             [Unskilled]
   knife              [Unskilled]
   axe                [Unskilled]
   short sword        [Unskilled]
   club               [Unskilled]
   mace               [Unskilled]
   quarterstaff       [Basic]
   polearms           [Unskilled]
   spear              [Unskilled]
   trident            [Unskilled]
   sling              [Unskilled]
   dart               [Unskilled]
   shuriken           [Unskilled]
 Spellcasting Skills
   attack spells      [Basic]
   healing spells     [Unskilled]
   divination spells  [Unskilled]
   enchantment spells [Basic]
   clerical spells    [Unskilled]
   escape spells      [Unskilled]
   matter spells      [Unskilled]

Voluntary challenges:
 Character rerolling was not enabled.
 You went without food.
 You were an atheist.
 You were illiterate.
 You never genocided any monsters.
 You never polymorphed an object.
 You never changed form.
 You used no wishes.
Achievement:
 You attained the rank of Conjurer.

 The Dungeons of Doom: levels 1 to 2
    Level 1:
    Level 2: <- You were here.
       A fountain.
       Final resting place for
          you, killed by a bat.


Vanquished creatures:
  a coyote
  3 kobolds
  3 goblins
  3 grid bugs
  a bat
  3 lichens
14 creatures vanquished.

No species were genocided or became extinct.

Game over:
                       ----------
                      /          \
                     /    REST    \
                    /      IN      \
                   /     PEACE      \
                  /                  \
                  |    IanCurtis     |
                  |      16 Au       |
                  | killed by a bat  |
                  |                  |
                  |                  |
                  |                  |
                  |       2026       |
                 *|     *  *  *      | *
        _________)/\\_//(\/(/\)/\//\/|_)_______

Goodbye IanCurtis the Wizard...

You died in The Dungeons of Doom on dungeon level 2 with 245 points,
and 16 pieces of gold, after 317 moves.
You were level 3 with a maximum of 18 hit points when you died.

